[Event "*** Titled Tuesday Blitz"]
[Site "Chess.com"]
[Date "2021.03.30"]
[Round "5"]
[White "QuintilianoR"]
[Black "Sweafty"]
[Result "0-1"]
[WhiteElo "2722"]
[BlackElo "2563"]
[TimeControl "180+1"]
[EndTime "10:58:12 PDT"]
[Termination "Sweafty won by resignation"]

1. Nf3 d6 2. d4 Nd7 3. e4 e5 4.
Nc3 Ngf6 5. Bc4 Be7 6. O-O O-O 7. Re1 c6 8. a4 a5 9. h3 exd4 10. Nxd4 Nc5 11. Bg5 Re8 12. Qf3 Qb6 13. Nb3 Qb4 14. Nd2 Be6 15. Bf1 h6 16. Be3 Nfd7 17. Reb1 Bf6 18. Bf4 Ne5 19. Qg3 Kh8 20. Be3 Rad8 21. Kh1 Ng6 22. f3 Bxc3 23. bxc3 Qxc3 24. Qf2 Qf6 25. Bd4 Qe7 26. Qe3 Kh7 27. Qc3 f6 28. Qxa5 Nf4 29. Qc3 Nh5 30. Bf2 Qf7 31. Nc4 Bxc4 32.
Bxc4 Qg6 33. Kh2 Qg5 34. Bf1 Qe5+ 35. Qxe5 fxe5 36. a5 Ra8 37. Bxc5 dxc5 38. Rxb7 Nf4 39. a6 Ne6 40. a7 Nd4 41. Bd3 Kg6 42. Ra5 Ne6 43. Ra6 Rec8 44. Bc4 Kf6 45. Bxe6 Kxe6 46. Rxg7 Kd6 47. Rb6 Rc7 48. Rb8 Raxa7 49. Rd8+ Ke6 50. Rg6+ Kf7 51. Rdd6 Ra2 52. Rxh6 Ke7 53. Rde6+ Kf7 54. Rxc6 Rxc6 55. Rxc6 Rxc2 56. h4 c4 57. Kg3 c3 58.
Kh3 Kg7 59. g3 Rc1 60. Kg4 c2 61. h5 Kh7 62. h6 Kh8 63. Rc7 Kg8 64. Kg5 Rg1 65.
Rxc2 Rxg3+ 66. Kf5 Rxf3+ 67. Kxe5 Rh3 68. Rc6 Kf7 69.
Rf6+ Ke7 70. Rg6 Rh5+ 71. Kf4 Kf7 72. Ra6 Rh1 73. Ke5 Rh5+ 74. Kd4 Rh1 75. Kd5 Rd1+ 76.
Ke5 Rh1 77. h7 Kg7 78. Ra7+ Kh8 79. Ra8+ Kxh7 80. Rf8 Kg7 81. Rf2 Ra1 82. Rd2 Kf7 83. Rd7+ Ke8 84. Rb7 Ra6 85. Kf5 Rc6 86. e5 Ra6 87.
Kg5 Rc6 88. Kf4 Ra6 89. Kf5 Rc6 90. Rg7 Ra6 91. Rg8+ Ke7 92. Rc8 Rb6 93. Rc7+ Ke8 94.
Rc5 Ra6 95. Rc3 Rb6 96. Rg3 Ra6 97. Rg5 Rb6 98. Rg8+ Kf7 99. Rg7+ Kxg7 0-1

[Event "*** Titled Tuesday Blitz"]
[Site "Chess.com"]
[Date "2021.03.30"]
[Round "5"]
[White "Srinavasan"]
[Black "jcibarra"]
[Result "0-1"]
[WhiteElo "2959"]
[BlackElo "2848"]
[TimeControl "180+1"]
[EndTime "10:58:50 PDT"]
[Termination "jcibarra won on time"]

1. c4 e5 2. g3 Nc6 3. Bg2 Bc5 4. Nc3 d6 5. e3 a6 6. b3 h5 7. h4 Bg4 8. Nge2 Nf6 9. Bb2 Qd7 10. d3 Ba7 11. Qd2 O-O 12. Ne4 Nxe4 13. dxe4 b5 14. Rc1 b4 15. O-O Bc5 16. Ra1 Rfb8 17. Nc1 a5 18. a4 bxa3 19. Bxa3 Bxa3 20. Rxa3 Rb6 21. Nd3 Rab8 22. Qc2 Bh3 23. Kh2 Bxg2 24. Kxg2 Qe6 25. Ne1 g6 26. Nf3 Kg7 27. Rfa1 Qe7 28. Nd2 Nb4 29.
Qd1 Nc6 30. Nb1 Qe6 31. Nc3 R6b7 32. Nb5 Kg8 33. Qd5 Nd8 34. Rxa5 c6 35. Qxe6 Nxe6 36. Nxd6 Rxb3 37. Rxe5 Rb2 38. Rea5 Rc2 39. R5a2 Rbb2 40. Rxb2 Rxb2 41. e5 Nc5 42. Rd1 Rc2 43. Kf3 Kf8 44. Rd4 Ke7 45. Ne4 Nb3 46. Rd3 Nc1 47. Rd1 Rxc4 48. Nd6 Rc2 49. Nc8+ Ke8 50. Nb6 Nb3 51.
Rd3 Nc5 52. Rd6 Nb3 53. Nd7 Nd2+ 54. Kf4 Nc4 55. Nf6+ Kf8 56. Rd8+ Kg7 57. Rg8+ Kh6 58. f3 Nb6 59. g4 Rc4+ 60. e4 hxg4 61. Nxg4+ Kh7 62.
Nf6+ Kh6 63. Rf8 Kg7 64. Rc8 Na4 65. Rc7 Nc5 66. Kg4 Ne6 67. f4 Nxc7 68. h5 Nb5 69. hxg6 fxg6 70. Ne8+ Kf7 71. Nf6 Ke6 72. Nh7 Rc1 73.
Ng5+ Ke7 74. f5 Rg1+ 75. Kf4 gxf5 76. exf5 Rf1+ 77. Kg4 Nd4 78. f6+ Kd7 79. Ne4 Ne6 80. Ng3 Re1 81. Kf5 Nd4+ 82. Kf4 Ne6+ 83. Kf5 Re3 84.
Ne4 Nd4+ 85. Kf4 Rf3+ 86. Kg4 Rf1 87. Nc5+ Kc7 88. e6 Nxe6 89. Nxe6+ Kd6 90. Nf4 Kd7 91. Kf5 Ke8 92. Ke5 Kf7 93. Nd3 Rd1 94. Nf2 Re1+ 95. Kd6 Re6+ 96. Kc5 Kxf6 97. Nd3 Ke7 98. Nf4 Rf6 99. Ne2 Kd7 100. Nd4 Kc7 101. Nb3 Rf5+ 102. Kc4 Kd6 103. Nd4 Rf4 104. Kc3 Kd5 105. Nc2 Rc4+ 106. Kd3 Rxc2 107. Kxc2 Kc4 0-1

[Event "*** Titled Tuesday Blitz"]
[Site "Chess.com"]
[Date "2021.03.30"]
[Round "6"]
[White "Kostukov_Alex"]
[Black "FontVella8"]
[Result "1-0"]
[WhiteElo "2315"]
[BlackElo "2456"]
[TimeControl "180+1"]
[EndTime "11:00:38 PDT"]
[Termination "Kostukov_Alex won by resignation"]

1. g3 d5 2. Bg2 c6 3. d3 Bf5 4. e4 Bg6 5. Qe2 e6 6. Nf3 Nf6 7. e5 Nfd7 8. O-O c5 9. c4 dxc4 10. dxc4 Qc7 11. Nc3 a6 12. Bf4 Nc6 13. Nd5 exd5 14.
e6 Nf6 15. Bxc7 1-0

[Event "*** Titled Tuesday Blitz"]
[Site "Chess.com"]
[Date "2021.03.30"]
[Round "6"]
[White "Iskusnyh"]
[Black "Ave_Mariia"]
[Result "1-0"]
[WhiteElo "2635"]
[BlackElo "2495"]
[TimeControl "180+1"]
[EndTime "11:00:52 PDT"]
[Termination "Iskusnyh won by resignation"]

1. d4 Nf6 2. c4 e6 3. g3 d5 4. Bg2 dxc4 5. Nf3 a6 6. O-O Nc6 7. Nbd2 Nxd4 8. Nxc4 Nxf3+ 9. Bxf3 Qxd1 10. Rxd1 Rb8 11.
Bf4 Nd5 12. Bxd5 exd5 13. Bxc7 Ra8 14. Nb6 1-0

[Event "*** Titled Tuesday Blitz"]
[Site "Chess.com"]
[Date "2021.03.30"]
[Round "6"]
[White "gxbg2000"]
[Black "dawtonlms"]
[Result "0-1"]
[WhiteElo "1907"]
[BlackElo "2363"]
[TimeControl "180+1"]
[EndTime "11:01:12 PDT"]
[Termination "dawtonlms won by resignation"]

1. e4 e6 2. d4 d5 3. Nc3 Nf6 4.
e5 Nfd7 5. Be3 c5 6. f4 cxd4 7.
Bxd4 Nc6 8. Bf2 f6 9. exf6 Qxf6 10. Qd2 Bb4 11. Bd3 d4 12. Nf3 dxc3 13. bxc3 Bxc3 0-1

[Event "*** Titled Tuesday Blitz"]
[Site "Chess.com"]
[Date "2021.03.30"]
[Round "6"]
[White "KubaGepard"]
[Black "LEGENYA1998"]
[Result "1-0"]
[WhiteElo "2412"]
[BlackElo "2256"]
[TimeControl "180+1"]
[EndTime "11:01:14 PDT"]
[Termination "KubaGepard won by resignation"]

1. e4 d6 2. Nc3 c6 3. d4 Qc7 4.
Be3 Nd7 5. f3 h6 6. Qd2 g6 7.
O-O-O Bg7 8. g4 b5 9. h4 b4 10. Nce2 c5 11. dxc5 dxc5 12. Bf4 Qb6 13. Kb1 Ne5 14.
Bxe5 Bxe5 15. Qd5 1-0

[Event "*** Titled Tuesday Blitz"]
[Site "Chess.com"]
[Date "2021.03.30"]
[Round "6"]
[White "MaevskiyNikolay"]
[Black "Caterpiller35"]
[Result "1-0"]
[WhiteElo "2533"]
[BlackElo "2388"]
[TimeControl "180+1"]
[EndTime "11:01:21 PDT"]
[Termination "MaevskiyNikolay won by resignation"]

1. Nf3 Nf6 2. c4 e6 3. Nc3 d5 4.
e3 c6 5. b3 Nbd7 6. Bb2 Be7 7.
Qc2 O-O 8. Be2 b6 9. O-O Bb7 10.
Rfd1 Rc8 11. Rac1 Qc7 12. d4 Qb8 13. Qb1 Rfd8 14. h3 c5 15. cxd5 exd5 16. Bd3 cxd4 17. Nxd4 Nc5 18. Bf5 Nce4 19. Bxc8 Bxc8 20. Nxe4 Nxe4 21.
Nc6 Qd6 22. Nxd8 Qxd8 23. Qxe4 1-0

[Event "*** Titled Tuesday Blitz"]
[Site "Chess.com"]
[Date "2021.03.30"]
[Round "6"]
[White "zacachess"]
[Black "onetowin"]
[Result "1-0"]
[WhiteElo "2394"]
[BlackElo "2027"]
[TimeControl "180+1"]
[EndTime "11:01:28 PDT"]
[Termination "zacachess won by resignation"]

1. e4 c5 2. Nf3 e6 3. d4 cxd4 4. Nxd4 Nc6 5. Nc3 Qc7 6. g3 a6 7. Bg2 Nf6 8. O-O b5 9. Re1 Bb7 10. Nd5 exd5 11. exd5+ Kd8 12. dxc6 Bc8 13. cxd7 Bxd7 14.
Bxa8 1-0

[Event "*** Titled Tuesday Blitz"]
[Site "Chess.com"]
[Date "2021.03.30"]
[Round "6"]
[White "poneis_malditos"]
[Black "Maddie"]
[Result "1-0"]
[WhiteElo "2285"]
[BlackElo "2061"]
[TimeControl "180+1"]
[EndTime "11:01:31 PDT"]
[Termination "poneis_malditos won by checkmate"]

1. e4 c6 2. d4 d5 3. Nd2 dxe4 4. Nxe4 Nd7 5. Nf3 Ngf6 6. Nc3 e6 7. Bg5 Be7 8. Bd3 O-O 9. Qd2 Nd5 10. Ne4 h6 11. h4 hxg5 12. hxg5 g6 13. O-O-O Qc7 14.
Rh4 N5f6 15. gxf6 Nxf6 16. Qh6 Nh5 17. Rxh5 gxh5 18. Nf6+ Bxf6 19. Qh7# 1-0

[Event "*** Titled Tuesday Blitz"]
[Site "Chess.com"]
[Date "2021.03.30"]
[Round "6"]
[White "Vuk2000"]
[Black "bilelou"]
[Result "1-0"]
[WhiteElo "2737"]
[BlackElo "2564"]
[TimeControl "180+1"]
[EndTime "11:01:47 PDT"]
[Termination "Vuk2000 won by resignation"]

1. d4 Nf6 2. Bg5 e6 3. e4 h6 4. Bxf6 Qxf6 5. c3 d6 6. Bd3 Nc6 7. Ne2 g5 8. Ng3 e5 9. d5 Ne7 10. Be2 Qf4 11. Nh5 Qh4 12. g3 Qh3 13. Nf6+ Kd8 14.
Bf1 1-0

[Event "*** Titled Tuesday Blitz"]
[Site "Chess.com"]
[Date "2021.03.30"]
[Round "6"]
[White "Nachsueb"]
[Black "BozeKat"]
[Result "1-0"]
[WhiteElo "2152"]
[BlackElo "2001"]
[TimeControl "180+1"]
[EndTime "11:01:55 PDT"]
[Termination "Nachsueb won by resignation"]

1. d4 Nf6 2. c4 e6 3. Nc3 Bb4 4. e3 O-O 5. Bd3 b6 6. Ne2 Bb7 7. a3 Bxg2 8. Rg1 Bxc3+ 9. Nxc3 Bh3 10. e4 d5 11. cxd5 exd5 12. e5 Ne4 13. Nxe4 dxe4 14. Bxe4 Qh4 15. Bxa8 Rd8 16. Bg5 Qxd4 17. Qxd4 Rxd4 18.
Rd1 Re4+ 19. Bxe4 1-0

[Event "*** Titled Tuesday Blitz"]
[Site "Chess.com"]
[Date "2021.03.30"]
[Round "6"]
[White "Orlov_Oleg"]
[Black "youngKID"]
[Result "0-1"]
[WhiteElo "2592"]
[BlackElo "2746"]
[TimeControl "180+1"]
[EndTime "11:02:00 PDT"]
[Termination "youngKID won by resignation"]

1. Nf3 Nf6 2. c4 c5 3. g3 Nc6 4.
Bg2 g6 5. O-O Bg7 6. d4 cxd4 7.
Nxd4 h5 8. Bg5 h4 9. Bxh4 Nh7 10. Bxc6 dxc6 11. Nf3 Qxd1 12. Rxd1 Bxb2 13. Nbd2 Bxa1 14. Rxa1 f6 15. g4 Bxg4 16. Ne4 O-O-O 17. Rb1 Bf5 18. Nfd2 Rxd2 19. Nxd2 Bxb1 20. Nxb1 Rd8 21. Nc3 Rd4 22. Bg3 Rxc4 23. Nd1 Rc1 0-1

[Event "*** Titled Tuesday Blitz"]
[Site "Chess.com"]
[Date "2021.03.30"]
[Round "6"]
[White "Goryachkina"]
[Black "Djager97"]
[Result "1-0"]
[WhiteElo "2636"]
[BlackElo "2499"]
[TimeControl "180+1"]
[EndTime "11:02:24 PDT"]
[Termination "Goryachkina won by resignation"]

1. e4 e5 2. Nf3 Nc6 3. Nc3 Nf6 4. h3 d5 5. exd5 Nxd5 6. Bb5 Nxc3 7. bxc3 Bd6 8. O-O O-O 9. d4 exd4 10. cxd4 h6 11. c3 Qf6 12. Re1 Bf5 13. Bd3 Rad8 14. Be3 Rfe8 15.
Bxf5 Qxf5 16. Rb1 Na5 17. Qa4 b6 18. c4 Bf4 19. Bxf4 Qxf4 20. Rxe8+ 1-0

[Event "*** Titled Tuesday Blitz"]
[Site "Chess.com"]
[Date "2021.03.30"]
[Round "6"]
[White "kidagent"]
[Black "J36225"]
[Result "0-1"]
[WhiteElo "2317"]
[BlackElo "2489"]
[TimeControl "180+1"]
[EndTime "11:02:39 PDT"]
[Termination "J36225 won by resignation"]

1. e4 e5 2. Nf3 Nc6 3. Bb5 a6 4. Ba4 Nf6 5. O-O Nxe4 6. d4 b5 7. Bb3 d5 8. dxe5 Be6 9. c3 Be7 10. Nbd2 O-O 11. Re1 Nc5 12. Bc2 d4 13. Ne4 dxc3 14. Qxd8 Raxd8 15. Nxc3 Nb4 16. Bb1 Ncd3 17. Bxd3 Nxd3 18. Rd1 Bc5 19. Ne4 Bb6 20. Kf1 Bc4 21. Kg1 Nxf2 0-1

[Event "*** Titled Tuesday Blitz"]
[Site "Chess.com"]
[Date "2021.03.30"]
[Round "6"]
[White "chenrip"]
[Black "Savva09022009"]
[Result "1/2-1/2"]
[WhiteElo "2486"]
[BlackElo "2597"]
[TimeControl "180+1"]
[EndTime "11:02:46 PDT"]
[Termination "Game drawn by agreement"]

1. e4 c5 2. Nf3 d6 3. Bb5+ Bd7 4. a4 e6 5. O-O a6 6. Bc4 Nf6 7. Re1 Be7 8. e5 dxe5 9. Nxe5 O-O 10. d3 Nc6 11. Nxd7 Qxd7 12. Nc3 h6 13. Bf4 Rad8 14.
Qc1 Nd4 15. a5 Rfe8 16. Ne4 Nxe4 17. Rxe4 Bf6 18. c3 Nf5 19. Qe1 Nd6 20. Bxd6 Qxd6 21. f4 g6 22. Qe2 Kh7 23. Re1 Qc7 24. Ra1 Rf8 1/2-1/2

[Event "*** Titled Tuesday Blitz"]
[Site "Chess.com"]
[Date "2021.03.30"]
[Round "6"]
[White "OriTaichman"]
[Black "Vaathi_Coming"]
[Result "0-1"]
[WhiteElo "2542"]
[BlackElo "2799"]
[TimeControl "180+1"]
[EndTime "11:02:48 PDT"]
[Termination "Vaathi_Coming won by resignation"]

1. e4 c6 2. d4 d5 3. e5 c5 4. dxc5 Nc6 5. a3 e6 6. b4 a5 7.
b5 Nxe5 8. Bb2 Ng6 9. h4 h5 10. Nd2 Nf6 11. Nb3 a4 12. Nd4 Bxc5 13. Ngf3 e5 14. Qe2 O-O 15. Nxe5 Nxe5 16. O-O-O Nc4 17. f3 Re8 18. Qd3 Re3 19. Nc6 Rxd3 0-1

[Event "*** Titled Tuesday Blitz"]
[Site "Chess.com"]
[Date "2021.03.30"]
[Round "6"]
[White "beto-betun"]
[Black "dennisodessa"]
[Result "1-0"]
[WhiteElo "2224"]
[BlackElo "2316"]
[TimeControl "180+1"]
[EndTime "11:02:52 PDT"]
[Termination "beto-betun won by resignation"]

1. d4 Nf6 2. Nf3 c5 3. g3 cxd4 4. Nxd4 e5 5. Nb3 Nc6 6. Bg2 d5 7. O-O Be6 8. Bg5 Be7 9. Nc3 d4 10. Na4 O-O 11. Nac5 Bxc5 12. Nxc5 Qe7 13. Nxe6 Qxe6 14.
c3 dxc3 15. bxc3 Rac8 16. Qa4 b6 17. Rfd1 Na5 18. Bxf6 Qxf6 19. Rd7 Rxc3 20. Rxa7 h6 21. Rd1 Rfc8 22. Bd5 Rc1 1-0

[Event "*** Titled Tuesday Blitz"]
[Site "Chess.com"]
[Date "2021.03.30"]
[Round "6"]
[White "jraosam"]
[Black "Fraler15"]
[Result "0-1"]
[WhiteElo "1848"]
[BlackElo "2248"]
[TimeControl "180+1"]
[EndTime "11:02:55 PDT"]
[Termination "Fraler15 won by resignation"]

1. c4 e5 2. Nc3 Nf6 3. Nf3 Nc6 4. e3 Bb4 5. d4 e4 6. Nd2 Bxc3 7. bxc3 d6 8. g3 O-O 9. Bg2 Bg4 10. Qc2 Re8 11. Nxe4 Bf5 12. Nxf6+ Qxf6 13. e4 Bxe4 14. Bxe4 Qf3 15.
O-O Rxe4 16. Be3 Rae8 17. Rab1 b6 18. Qa4 Na5 19. c5 dxc5 20. dxc5 Rxa4 0-1

[Event "*** Titled Tuesday Blitz"]
[Site "Chess.com"]
[Date "2021.03.30"]
[Round "6"]
[White "muchojogo"]
[Black "serhanberat_ozdemir"]
[Result "1-0"]
[WhiteElo "2442"]
[BlackElo "2664"]
[TimeControl "180+1"]
[EndTime "11:03:02 PDT"]
[Termination "muchojogo won by resignation"]

1. d4 Nf6 2. Bf4 g6 3. e3 Bg7 4. Nf3 O-O 5. Be2 d6 6. h3 c5 7.
O-O Nc6 8. c3 Qb6 9. Qb3 Be6 10.
Qxb6 axb6 11. Na3 Na5 12. Bd3 Bd5 13. Nd2 Bc6 14. Nb5 Nd5 15. Bg3 Bxb5 16. Bxb5 e5 17. dxe5 dxe5 18. Nc4 f6 19. Nxa5 Rxa5 20. Bc4 Rd8 21.
e4 f5 22. Bxd5+ Kh8 23. Bxb7 Rd2 24. Rfd1 1-0

[Event "*** Titled Tuesday Blitz"]
[Site "Chess.com"]
[Date "2021.03.30"]
[Round "6"]
[White "slavenok"]
[Black "Srinavasan"]
[Result "0-1"]
[WhiteElo "2746"]
[BlackElo "2966"]
[TimeControl "180+1"]
[EndTime "11:03:03 PDT"]
[Termination "Srinavasan won by resignation"]

1. e4 c5 2. d4 cxd4 3. Nf3 d6 4.
Bc4 Nf6 5. Qe2 Nc6 6. h3 e6 7.
O-O Be7 8. Rd1 d5 9. exd5 exd5 10. Bb5 O-O 11. c3 dxc3 12. Nxc3 a6 13. Ba4 h6 14. Bf4 Be6 15. Rac1 Rc8 16. Bxc6 bxc6 17. Qxa6 c5 18. Qe2 d4 19. a3 Qb6 20. Ne4 Nxe4 21. Qxe4 Qxb2 22. a4 Qb4 23. Ra1 Qa5 24. Bd2 Qa8 25.
Qf4 Rfd8 26. a5 Rc6 27. Qg3 Bd5 28. Ne5 Re6 29. Bf4 Bd6 30. Re1 Bxe5 31. Rxe5 Rg6 32. Qh4 Rxg2+ 33. Kf1 Bc4+ 34. Ke1 Rg1+ 35. Kd2 Rxa1 36.
Bxh6 Qxa5+ 0-1

[Event "*** Titled Tuesday Blitz"]
[Site "Chess.com"]
[Date "2021.03.30"]
[Round "6"]
[White "ElCoachRene"]
[Black "aljado"]
[Result "0-1"]
[WhiteElo "2228"]
[BlackElo "2096"]
[TimeControl "180+1"]
[EndTime "11:03:09 PDT"]
[Termination "aljado won by resignation"]

1. d4 d5 2. Bf4 Bf5 3. e3 e6 4. Nf3 Nf6 5. Bd3 Bg6 6. O-O Bd6 7. Bg5 c5 8. c3 Nc6 9. Bxg6 hxg6 10. Nbd2 Qc7 11.
h3 Ne4 12. Nxe4 dxe4 13. Nd2 f6 14. dxc5 Be5 15. Bf4 Bxf4 16. exf4 Qxf4 17. Qe2 f5 18. Nc4 Ne5 19. Nd6+ Ke7 20. Qb5 Nf3+ 21. gxf3 Qg5+ 22. Kh2 Rxh3+ 0-1

[Event "*** Titled Tuesday Blitz"]
[Site "Chess.com"]
[Date "2021.03.30"]
[Round "6"]
[White "ural58"]
[Black "CheckThis4"]
[Result "0-1"]
[WhiteElo "2489"]
[BlackElo "2622"]
[TimeControl "180+1"]
[EndTime "11:03:11 PDT"]
[Termination "CheckThis4 won by resignation"]

1. e4 c5 2. b3 Nc6 3. Bb2 d6 4. f4 e5 5. Qf3 exf4 6. Qxf4 Nf6 7. Bxf6 gxf6 8. Nc3 Be6 9. Nf3 Rg8 10. O-O-O Qa5 11. Bb5 O-O-O 12. Bxc6 bxc6 13. g3 Rg6 14. Qe3 Bh6 15. Qf2 Qxc3 16. Kb1 Qa5 17. Nh4 Rgg8 18.
Qxf6 Bg7 19. Qf4 c4 20. Rhf1 Qa3 21. c3 cxb3 22. axb3 Qxb3+ 23. Kc1 Qa3+ 24. Kc2 Qa2+ 25.
Kd3 Bc4+ 26. Ke3 Bxf1 27. Rxf1 Be5 28. Qf2 Qc4 29. Rc1 Qc5+ 30. d4 Bxd4+ 0-1

[Event "*** Titled Tuesday Blitz"]
[Site "Chess.com"]
[Date "2021.03.30"]
[Round "6"]
[White "WonderChampion"]
[Black "SHIVACalypso"]
[Result "0-1"]
[WhiteElo "2113"]
[BlackElo "2399"]
[TimeControl "180+1"]
[EndTime "11:03:16 PDT"]
[Termination "SHIVACalypso won by resignation"]

1. d4 e6 2. e4 d5 3. Nc3 Nf6 4.
Bg5 dxe4 5. Nxe4 Be7 6. Bxf6 gxf6 7. c3 f5 8. Nd2 c5 9. Ngf3 Nc6 10. dxc5 Bxc5 11. Bb5 Bd7 12. Bxc6 Bxc6 13. O-O Rg8 14. Kh1 Qf6 15. Nb3 Bb6 16. a4 Rd8 17. Qe2 Qh6 18.
Rfd1 Rd5 19. Rxd5 Bxd5 20. Nbd2 Bc7 21. Re1 Bxh2 22. Qe3 Bf4+ 0-1

[Event "*** Titled Tuesday Blitz"]
[Site "Chess.com"]
[Date "2021.03.30"]
[Round "6"]
[White "Lenyas66"]
[Black "ChelsieMonica"]
[Result "0-1"]
[WhiteElo "2514"]
[BlackElo "2401"]
[TimeControl "180+1"]
[EndTime "11:03:17 PDT"]
[Termination "ChelsieMonica won by checkmate"]

1. e4 e5 2. Nf3 Nc6 3. Bb5 a6 4. Ba4 Nf6 5. O-O Be7 6. Bxc6 dxc6 7. d3 Nd7 8. Be3 O-O 9. Nbd2 f6 10. c3 Nc5 11. d4 exd4 12. cxd4 Ne6 13. Qb3 Kh8 14. Rfd1 Ng5 15. Nxg5 fxg5 16. Rac1 Qe8 17. Nc4 Qg6 18. Ne5 Qh5 19. d5 Bd6 20. Bd4 c5 21. Bc3 g4 22.
f4 gxf3 23. Nxf3 Rxf3 24. gxf3 Qxh2+ 25. Kf1 Bh3+ 26. Ke1 Bg3# 0-1

[Event "*** Titled Tuesday Blitz"]
[Site "Chess.com"]
[Date "2021.03.30"]
[Round "6"]
[White "morte-negra"]
[Black "chessprincesa1"]
[Result "1-0"]
[WhiteElo "1908"]
[BlackElo "2239"]
[TimeControl "180+1"]
[EndTime "11:03:17 PDT"]
[Termination "morte-negra won by checkmate"]

1. e4 e5 2. f4 exf4 3. Bc4 Qh4+ 4.
Kf1 Nc6 5. d4 d6 6. Nf3 Qe7 7.
Kf2 Nf6 8. Nc3 Ng4+ 9. Kf1 f5 10.
Nd5 Qd7 11. Bxf4 fxe4 12. Ng5 Nce5 13. dxe5 dxe5 14. Bxe5 Qf5+ 15. Bf4 c6 16. Nc7+ Ke7 17. Qd6# 1-0

[Event "*** Titled Tuesday Blitz"]
[Site "Chess.com"]
[Date "2021.03.30"]
[Round "6"]
[White "bait_or_mate"]
[Black "Vincent_Vega95"]
[Result "1-0"]
[WhiteElo "2542"]
[BlackElo "2715"]
[TimeControl "180+1"]
[EndTime "11:03:22 PDT"]
[Termination "bait_or_mate won by resignation"]

1. d4 Nf6 2. c4 g6 3. Nc3 Bg7 4. e4 O-O 5. Nf3 d6 6. Be2 e5 7. O-O Nc6 8. dxe5 dxe5 9. Bg5 h6 10. Qxd8 Nxd8 11. Bxf6 Bxf6 12. Nd5 Bg7 13. Nxc7 Rb8 14.
h3 f5 15. Bd3 Nc6 16. Nd5 f4 17. c5 Kh7 18. b4 g5 19. b5 Nd8 20. Rac1 Bd7 21. a4 Rc8 22. Ne7 Rc7 23. Nd5 Rc8 24. Rc2 Re8 25. Rfc1 Kg6 26. Nb4 Be6 27. c6 bxc6 28.
bxc6 Nf7 29. c7 Bf6 30. Ba6 h5 31. Bxc8 Bxc8 32. Nc6 g4 33. hxg4 hxg4 34. Nd2 1-0

[Event "*** Titled Tuesday Blitz"]
[Site "Chess.com"]
[Date "2021.03.30"]
[Round "6"]
[White "Artyom_ChessMate"]
[Black "FeketeBarika"]
[Result "1-0"]
[WhiteElo "2551"]
[BlackElo "2303"]
[TimeControl "180+1"]
[EndTime "11:03:29 PDT"]
[Termination "Artyom_ChessMate won by resignation"]

1. e4 e6 2. d4 d5 3. Bd3 dxe4 4. Bxe4 Nf6 5. Bf3 Bd7 6. Bxb7 Bc6 7. Bxa8 Bxa8 8.
Nf3 Be7 9. O-O O-O 10. c3 c5 11. Bf4 cxd4 12. Qxd4 Qc8 13. Qxa7 Nc6 14. Qc7 Qa6 15.
Be3 Nd5 16. Qg3 Rb8 17. b4 Nxe3 18. fxe3 Qd3 19. Nd4 Rc8 20. Nxc6 Bxc6 21. a4 Bd5 22. a5 Bc4 23. Na3 Bb5 24. Nxb5 Qxb5 25. a6 Ra8 26. a7 Qb7 27. Qf3 Rxa7 28. Qxf7+ 1-0

[Event "*** Titled Tuesday Blitz"]
[Site "Chess.com"]
[Date "2021.03.30"]
[Round "6"]
[White "Funo09"]
[Black "Ranindu2003"]
[Result "0-1"]
[WhiteElo "2748"]
[BlackElo "2610"]
[TimeControl "180+1"]
[EndTime "11:03:34 PDT"]
[Termination "Ranindu2003 won by checkmate"]

1. e4 c5 2. Nc3 a6 3. Nf3 Nc6 4. d4 cxd4 5. Nxd4 d6 6. Be2 Nf6 7. O-O e6 8. Be3 Be7 9. Qd2 O-O 10. a4 Qc7 11. Rad1 b6 12. f4 Bb7 13. Bf3 Na5 14. Qc1 d5 15. e5 Ne4 16. Nxe4 dxe4 17. Be2 Rac8 18. c3 Nc4 19. Bxc4 Qxc4 20. Qc2 Bd5 21. f5 exf5 22. Nxf5 Bc5 23. Kh1 Be6 24. Bxc5 Rxc5 25. Rd4 Qxf1# 0-1

[Event "*** Titled Tuesday Blitz"]
[Site "Chess.com"]
[Date "2021.03.30"]
[Round "6"]
[White "Ermito2020"]
[Black "Myshakov_Fedor"]
[Result "1-0"]
[WhiteElo "2515"]
[BlackElo "2369"]
[TimeControl "180+1"]
[EndTime "11:03:42 PDT"]
[Termination "Ermito2020 won by checkmate"]

1. e4 c6 2. d4 d5 3. e5 Bf5 4. Nf3 e6 5. Be2 Nd7 6. O-O c5 7. c4 dxc4 8. Na3 Bg4 9. Nxc4 b5 10. Nd6+ Bxd6 11. exd6 Bxf3 12. Bxf3 Rc8 13. dxc5 Rxc5 14.
Be3 Rc8 15. Bb7 Rc4 16. b3 Rh4 17. Rc1 Nb6 18. d7+ Kf8 19. Rc8 Nxc8 20. dxc8=Q Qxc8 21. Bxc8 f6 22. Bxe6 g5 23. Qd7 Ne7 24. Bc5 Kg7 25. Qxe7+ Kh6 26. Qxf6+ Kh5 27. Bf7+ Kg4 28. Qf3# 1-0

[Event "*** Titled Tuesday Blitz"]
[Site "Chess.com"]
[Date "2021.03.30"]
[Round "6"]
[White "Rakesh"]
[Black "albi1999"]
[Result "1/2-1/2"]
[WhiteElo "2494"]
[BlackElo "2609"]
[TimeControl "180+1"]
[EndTime "11:03:44 PDT"]
[Termination "Game drawn by agreement"]

1. g3 d5 2. Bg2 e5 3. b3 c6 4. Bb2 Bd6 5. c4 Nf6 6. cxd5 cxd5 7. d4 e4 8. Nc3 O-O 9. Nh3 Nc6 10.
O-O a6 11. Nf4 Ne7 12. Rc1 g5 13.
Nh3 h6 14. f3 exf3 15. exf3 Nf5 16. Qd2 Re8 17. Rfe1 Bd7 18. Nf2 Qb6 19. Ng4 Nxg4 20. fxg4 Qxd4+ 21. Qxd4 Nxd4 22. Nxd5 Ne2+ 23. Kf1 Bb5 24.
Nf6+ Kf8 25. Nh7+ Kg8 26. Nf6+ Kf8 27. Kf2 Nxc1 28. Nh7+ 1/2-1/2

[Event "*** Titled Tuesday Blitz"]
[Site "Chess.com"]
[Date "2021.03.30"]
[Round "6"]
[White "Chesswizard_2007"]
[Black "oogee"]
[Result "1-0"]
[WhiteElo "2685"]
[BlackElo "2373"]
[TimeControl "180+1"]
[EndTime "11:03:53 PDT"]
[Termination "Chesswizard_2007 won by resignation"]

1. a3 e5 2. e4 Nf6 3. Nc3 Bc5 4. Nf3 O-O 5. Nxe5 Re8 6. d4 Bb6 7. Bc4 d5 8. Nxd5 Be6 9. Nxb6 axb6 10. Bxe6 Rxe6 11.
Bg5 h6 12. Bxf6 gxf6 13. Qg4+ Kf8 14. Nf3 Qe8 15. O-O Rxe4 16. Qf5 Kg7 17. Rfe1 Rxe1+ 18.
Rxe1 Qc6 19. Qg4+ Kh7 20. Nh4 Nd7 21. Nf5 Rg8 22. Qxg8+ 1-0

[Event "*** Titled Tuesday Blitz"]
[Site "Chess.com"]
[Date "2021.03.30"]
[Round "6"]
[White "Rozhkov_V"]
[Black "Kapibara_Warri0r"]
[Result "1-0"]
[WhiteElo "2362"]
[BlackElo "2236"]
[TimeControl "180+1"]
[EndTime "11:03:58 PDT"]
[Termination "Rozhkov_V won by checkmate"]

1. e4 e5 2. Nf3 Nc6 3. d4 exd4 4. Bc4 Nf6 5. e5 d5 6. Bb5 Ne4 7. Nxd4 Bd7 8. Bxc6 bxc6 9. O-O Bc5 10. f3 Ng5 11. f4 Ne4 12. Be3 Bb6 13. Nd2 Nxd2 14. Qxd2 c5 15. Nf3 d4 16. Bf2 Bc6 17. c4 Bxf3 18.
gxf3 O-O 19. f5 Qd7 20. Qf4 Rae8 21. Kh1 Qc6 22. Rg1 Kh8 23. Rg2 d3 24. Rag1 g6 25.
Bh4 d2 26. Bf6+ Kg8 27. Qh6 Qxf6 28. exf6 Re1 29. Qg7# 1-0

[Event "*** Titled Tuesday Blitz"]
[Site "Chess.com"]
[Date "2021.03.30"]
[Round "6"]
[White "maximnovik"]
[Black "Tactictic"]
[Result "1/2-1/2"]
[WhiteElo "2558"]
[BlackElo "2399"]
[TimeControl "180+1"]
[EndTime "11:04:00 PDT"]
[Termination "Game drawn by repetition"]

1. Nf3 d5 2. g3 Nf6 3. Bg2 e6 4. O-O Be7 5. d3 O-O 6. Nbd2 c5 7. e4 Nc6 8. Re1 b5 9. e5 Nd7 10. Nf1 Bb7 11. h4 Qc7 12. Bf4 Rfc8 13. N1h2 Qd8 14. Ng5 h6 15. Nh3 Kh8 16. Qh5 Qg8 17. Ng4 Bf8 18.
Ng5 g6 19. Nxf7+ Qxf7 20. Nxh6 gxh5 21. Nxf7+ Kg8 22. Ng5 Re8 23. Bf3 Bg7 24. Bxh5 Re7 25. Bg4 Rae8 26. Bh5 Rf8 27. Bg4 Rfe8 28. Bh5 Rf8 29.
Bg4 Rfe8 1/2-1/2